AoeStats
← 老鼠踢皮球

Arabia

506043754Analyzed
1v1 RM · 21d ago on Sep 12, 2026· 39m 57s· 2 players
Game mode
Random Map
Map size
Tiny (2 player)
Population
200
Speed
Normal
Resources
Standard
Victory
Conquest
Starting age
Dark Age
Ending age
Imperial Age
RankedLock teamsTeams togetherTeam positionsShared explorationLock speedFull tech treeHidden civsTurbo modeCheats
Victory
Defeat
🇹🇼 Gurjaras · Taiwan
1092
+16
🇦🇷 Mongols · Argentina
1092
-16
fcarballeyra
8:49 Feudal Age
9:39 Double-Bit Axe
10:20 Loom
22:21 Castle Age
22:34 Gold Mining
23:08 Scale Barding Armor
30:51 Husbandry
31:44 Town Watch
33:19 Fletching
38:00 Fervor
老鼠踢皮球
9:37 Feudal Age
10:10 Loom
10:52 Double-Bit Axe
10:41 Man-at-Arms
26:47 Castle Age
25:33 Gold Mining
25:24 Horse Collar
26:36 Bloodlines
27:33 Husbandry
29:51 Heavy Plow
31:29 Forging
31:38 Scale Barding Armor
37:58 Wheelbarrow
37:42 Fletching
39:20 Bodkin Arrow
Connection lost

Rejoining the realm…

Still unreachable

The connection could not be restored.

Session expired

The server has moved on; the page needs a fresh start.